 Dungeon Crawl Stone Soup version 0.28.0-53-g5a82cb258f (webtiles) character file.

Game seed: 14146570995264610025

425 NinjaNoafa the Ruffian (level 6, -2/76 HPs)
             Began as a Draconian Transmuter on Aug 14, 2022.
             Was an Initiate of Ashenzari.
             Slain by a gnoll
             ... wielding a +0 club
              (5 damage)
             ... on level 5 of the Dungeon on Aug 15, 2022.
             The game lasted 00:11:05 (3722 turns).

NinjaNoafa the Ruffian (Draconian Transmuter)       Turns: 3722, Time: 00:11:06

Health: -2/76      AC: 23    Str: 17 (18) XL:     6   Next: 64%
Magic:  9/9        EV:  2    Int: 16      God:    Ashenzari [......]
Gold:   255        SH:  0    Dex: 11      Spells: 8/9 levels left

rFire   . . .      SeeInvis .   h - +9 whip of Blood {freeze, rC+ Will+}
rCold   + . .      Faith    .   (no shield)
rNeg    . . .      Spirit   .   (armour unavailable)
rPois   +          Reflect  .   (helmet currently unavailable)
rElec   .          Harm     .   (cloak currently unavailable)
rCorr   .          Rampage  .   (gloves currently unavailable)
Will    +....      NoTele   +   (boots currently unavailable)
Stlth   +.........              c - amulet of the acrobat
HPRegen 0.22/turn               p - +6 ring of strength
MPRegen 0.11/turn               (no ring)

@: tree-form
A: stationary, stasis, torment immunity, boosted hp, AC +6, unfitting armour,
(cold-blooded)
a: Renounce Religion, Curse Item


You were on level 5 of the Dungeon.
You worshipped Ashenzari.
Ashenzari was noncommittal.
You were a tree.
You visited 1 branch of the dungeon, and saw 5 of its levels.

You collected 255 gold pieces.

Inventory:

Hand Weapons
 h - the +9 whip of Blood (weapon) {freeze, rC+ Will+}
   (You took it off a kobold on level 2 of the Dungeon)

   It freezes those it strikes, dealing additional cold damage.
   It can also slow down cold-blooded creatures.
   rC:        It protects you from cold.
   Will:      It increases your willpower.
Missiles
 b - 105 stones
 m - a throwing net
 n - 8 poisoned darts
Jewellery
 c - an amulet of the acrobat (around neck)
 p - a +6 ring of strength (left branch)
Wands
 l - a wand of polymorph (10)
Scrolls
 a - a scroll of enchant armour
 d - 2 scrolls of vulnerability
 g - a scroll of fear
 k - a scroll of summoning
 r - a scroll of holy word {unknown}
Potions
 e - a potion of flight
 q - a potion of cancellation


   Skills:
 + Level 3.2 Fighting
 * Level 3.9 Maces & Flails
 + Level 3.1 Dodging
 - Level 4.2 Unarmed Combat
 - Level 2.0 Spellcasting
 - Level 2.8 Transmutations


You had 8 spell levels left.
You knew the following spells:

 Your Spells              Type           Power      Damage    Failure   Level
a - Beastly Appendage     Tmut           20%        N/A       7%          1

Your spell library contained the following spells:

 Spells                   Type           Power      Damage    Failure   Level
 Wereblood                Tmut           10%        N/A       10%         2
 Slow                     Hex            4%         N/A       21%         1
 Spider Form              Tmut/Pois      6%         N/A       34%         3
 Confusing Touch          Hex            1%         N/A       52%         3
 Vampiric Draining        Necr           1%         2d6       52%         3
 Ice Form                 Ice/Tmut       6%         N/A       75%         4


Dungeon Overview and Level Annotations

Branches:
Dungeon (5/15)
 Temple: D:4-7

Altars:
Ashenzari
Trog
Uskayaw
Vehumet
Zin

Shops:
D:2 [


Innate Abilities, Weirdness & Mutations

You are a tree.
Your roots penetrate the ground, keeping you stationary.
You cannot be teleported.
You are immune to unholy pain and torment.
Your maximum health is greatly increased.
Your equipment is partially melded.
((Your plain brown scales are hard. (AC +6)))
You cannot fit into any form of body armour.
((You are cold-blooded and may be slowed by cold attacks.))


Message History

You miss the adder. The adder misses you. The gnoll barely misses you. x2
You whack the adder! You freeze the adder.
You kill the adder!
The gnoll misses you. The gnoll misses you. The gnoll hits you with a +0 club.
* * * LOW HITPOINT WARNING * * *
The gnoll completely misses you.
You closely miss the gnoll. The gnoll closely misses you.
The gnoll barely misses you. The gnoll hits you but does no damage.
You whack the gnoll! You freeze the gnoll.
You kill the gnoll!
The gnoll hits you from afar with a +0 spear.
* * * LOW HITPOINT WARNING * * *
The gnoll closely misses you. The gnoll completely misses you.
The gnoll hits you with a +0 spear.
* * * LOW HITPOINT WARNING * * *
The gnoll hits you with a +0 club.
* * * LOW HITPOINT WARNING * * *
The gnoll misses you.
Things that are here:
a +0 flail; a gnoll corpse
Okay, then.
You hit the gnoll. You freeze the gnoll.
The gnoll is moderately wounded.
The gnoll barely misses you. x2; The gnoll hits you with a +0 club.
* * * LOW HITPOINT WARNING * * *
Really quaff the potion of lignification?
You turn into a tree.
Your roots penetrate the ground.
The gnoll hits you but does no damage. x2; The gnoll hits you with a +0 club.
* * * LOW HITPOINT WARNING * * *
You barely miss the gnoll.
The gnoll is moderately wounded.
The gnoll hits you but does no damage. x2; The gnoll completely misses you.
You whack the gnoll! You freeze the gnoll.
You kill the gnoll!
The gnoll hits you but does no damage. x2
You whack the gnoll! You freeze the gnoll. You punch the gnoll.
You kill the gnoll!
The gnoll hits you with a +0 club.
You die...

.> #....... ..#......
.#....( '....# ## #....#
..# #....##....
+.)g....... ...
#..♣....... ....
#)).)......
.....##'####....
...........# ...
...........# ###+####
...........#####......#
......................#
..............(.......#
.............)...†....##


You could see a gnoll.

Vanquished Creatures
  Eustachio (D:5)
  A hound (D:4)
  A bullfrog skeleton (D:5)
  An orc priest (D:5)
  2 iguanas (D:5)
  An orc wizard (D:5)
  3 gnolls (D:5)
  3 adders
  A shadow imp (D:5)
  A worm (D:2)
  A dart slug (D:2)
  4 orcs
  6 ball pythons
  5 bats
  7 endoplasms
  2 giant cockroaches
  8 hobgoblins
  A quokka (D:2)
  2 frilled lizards (D:1)
  9 goblins
  5 kobolds
  8 rats
73 creatures vanquished.

Vanquished Creatures (others)
  A plant (D:5)
1 creature vanquished.

Grand Total: 74 creatures vanquished

Notes
Turn   | Place    | Note
-------+----------+-------------------------------------------
     0 | D:1      | NinjaNoafa the Draconian Transmuter began the quest for the
                  | Orb.
     0 | D:1      | Reached XP level 1. HP: 16/16 MP: 3/3
   271 | D:1      | Reached XP level 2. HP: 23/23 MP: 3/5
   453 | D:1      | Found a faded altar of an unknown god.
  1156 | D:2      | HP: 1/23 [ball python (3)]
  1435 | D:2      | Reached XP level 3. HP: 23/28 MP: 4/6
  1600 | D:2      | Found Amuxeh's Antique Armour Shoppe.
  1606 | D:2      | Reached skill level 4 in Unarmed Combat
  1949 | D:2      | Identified the +9 whip of Blood {freeze, rC+ Will+}
  2730 | D:3      | Found a glowing silver altar of Zin.
  2823 | D:4      | Found a broken altar of Ashenzari.
  2830 | D:4      | Became a worshipper of Ashenzari the Shackled
  2870 | D:4      | Reached XP level 4. HP: 35/35 MP: 7/7
  2883 | D:4      | Noticed a moth of wrath
  2886 | D:4      | Found a bloodstained altar of Trog.
  3001 | D:4      | Found a hide-covered altar of Uskayaw.
  3071 | D:4      | Found a radiant altar of Vehumet.
  3075 | D:4      | Reached skill level 1 in Maces & Flails
  3559 | D:5      | Entered Level 5 of the Dungeon
  3571 | D:5      | Reached XP level 5. HP: 31/41 MP: 8/8
  3645 | D:5      | Noticed Eustachio
  3658 | D:5      | Killed Eustachio
  3659 | D:5      | Reached XP level 6. HP: 47/50 MP: 9/9
  3718 | D:5      | HP: 2/51 [gnoll/+0 club (5)]
  3722 | D:5      | Slain by a gnoll

Illustrated notes

Levels and vault maps discovered:
D:1:      mrwooster_arrival_arrow, layout_basic,
          shapermc_ecumenical_altar_starsandcircs, nrook_mini_backslash,
          hangedman_decor_riveting
D:2:      layout_basic, serial_shops, shop
D:3:      layout_basic, zin_statuary, hex_tiny
D:4:      layout_basic, tgw_trog, overflow_temple_1_default,
          mainiacjoe_overflow_brackets, amcnicky_altar_gilded
D:5:      layout_gridville, nicolae_dithmenos_through_a_glass_darkly,
          minmay_temple_entry_gardened_gates, serial_rivers,
          chequers_serial_rivers_small_b, chequers_serial_rivers_room_b,
          chequers_serial_rivers_small_b, chequers_serial_rivers_micro_d,
          chequers_serial_rivers_room_b, uniq_eustachio, uniq_grinder

Skill      XL: |  1  2  3  4  5  6 |
---------------+-------------------+-----
Unarmed Combat | 4 |  4.2
Maces & Flails | 2 3 |  3.9
Dodging        | 2 3 |  3.1
Fighting       | 2 3 |  3.2
Spellcasting   | |  2.0
Transmutations | |  2.8

Action                   |  1- 3 |  4- 6 || total
-------------------------+-------+-------++-------
Melee: Unarmed           |    91 |       ||    91
       Kick              |    23 |       ||    23
       Tailslap          |    11 |     2 ||    13
       Headbutt          |     9 |       ||     9
       Punch             |     2 |     5 ||     7
       Whip              |    14 |    72 ||    86
 Cast: Beastly Appendage |    27 |       ||    27
  Use: Scroll            |     4 |     2 ||     6
       Potion            |       |     5 ||     5
Armor: Skin              |    41 |    29 ||    70
Dodge: Dodged            |    82 |    70 ||   152
